| TOP OF THE 1ST |
|
South Bend Cubs batting - Pitching for Hagerstown Suns : RHP Sentos Alatas
|
|
Pitching: RHP Sentos Alatas
|
|
|
Batting: RHB Andy Huntley
|
0-0: Ball 1-0: Called Strike 1-1: Ball 2-1: Swinging Strike 2-2: Fly out, F4 (Flyball, 4D, EV 85.6 MPH)
|
|
Batting: RHB Puluke Konane
|
0-0: Called Strike 0-1: Called Strike 0-2: Strikes out swinging
|
|
Batting: RHB Roy Battist
|
0-0: Ball 1-0: Fly out, F9 (Flyball, 9, EV 86.2 MPH)
|
| Top of the 1st over - 0 runs, 0 hits, 0 errors, 0 left on base; South Bend 0 - Hagerstown 0 |
| BOTTOM OF THE 1ST |
|
Hagerstown Suns batting - Pitching for South Bend Cubs : RHP Steve Vint
|
|
Pitching: RHP Steve Vint
|
|
|
Batting: RHB Leo Gutierrez
|
0-0: Called Strike 0-1: Swinging Strike 0-2: Fly out, F9 (Line Drive, 89M, EV 108.1 MPH)
|
|
Batting: RHB Naofumi Ishida
|
0-0: Ball 1-0: Fly out, F8 (Flyball, 8LD, EV 96.2 MPH)
|
|
Batting: RHB Bryan Wheeler
|
0-0: Ground out 6-3 (Groundball, 6, EV 87.5 MPH)
|
| Bottom of the 1st over - 0 runs, 0 hits, 0 errors, 0 left on base; South Bend 0 - Hagerstown 0 |
| TOP OF THE 2ND |
|
South Bend Cubs batting - Pitching for Hagerstown Suns : RHP Sentos Alatas
|
|
Batting: RHB Juan Bonilla
|
0-0: Called Strike 0-1: Called Strike 0-2: Ball 1-2: Ground out 6-3 (Groundball, 56, EV 86.2 MPH)
|
|
Batting: RHB Han-seung Hah
|
0-0: Called Strike 0-1: Ball 1-1: Swinging Strike 1-2: Ball 2-2: Foul Ball, location: 2F 2-2: Fly out, F9 (Flyball, 9S, EV 80.0 MPH)
|
|
Batting: RHB Denis Rachin
|
0-0: Called Strike 0-1: Foul Ball, location: 2F 0-2: Ball 1-2: Ball 2-2: DOUBLE (Line Drive, 9LS, EV 106.2 MPH)
|
|
Batting: RHB Ryan Bush
|
0-0: Foul Ball, location: 2F 0-1: Swinging Strike 0-2: Strikes out swinging
|
| Top of the 2nd over - 0 runs, 1 hit, 0 errors, 1 left on base; South Bend 0 - Hagerstown 0 |
| BOTTOM OF THE 2ND |
|
Hagerstown Suns batting - Pitching for South Bend Cubs : RHP Steve Vint
|
|
Batting: RHB Tylor Cyr
|
0-0: Ball 1-0: Ball 2-0: Foul Ball, location: 2F 2-1: Ground out 4-3 (Groundball, 34, EV 93.8 MPH)
|
|
Batting: LHB Yasuo Igarashi
|
0-0: Ball 1-0: Ground out 5-3 (Groundball, 56S, EV 66.2 MPH)
|
|
Batting: RHB John Savard
|
0-0: Fly out, F6 (Line Drive, 6, EV 68.8 MPH)
|
| Bottom of the 2nd over - 0 runs, 0 hits, 0 errors, 0 left on base; South Bend 0 - Hagerstown 0 |
| TOP OF THE 3RD |
|
South Bend Cubs batting - Pitching for Hagerstown Suns : RHP Sentos Alatas
|
|
Batting: RHB Hugo Torrez
|
0-0: Called Strike 0-1: Called Strike 0-2: Strikes out swinging
|
|
Batting: LHB Hiroki Yamamoto
|
0-0: Ground out 6-3 (Groundball, 6, EV 81.9 MPH)
|
|
Batting: RHB Andy Huntley
|
0-0: Ground out 6-3 (Groundball, 6, EV 105.0 MPH)
|
| Top of the 3rd over - 0 runs, 0 hits, 0 errors, 0 left on base; South Bend 0 - Hagerstown 0 |
| BOTTOM OF THE 3RD |
|
Hagerstown Suns batting - Pitching for South Bend Cubs : RHP Steve Vint
|
|
Batting: RHB Ben Welt
|
0-0: DOUBLE (Flyball, 8RXD, EV 96.2 MPH)
|
|
Batting: LHB Adam Lancaster
|
0-0: Ball 1-0: Foul Ball, location: 2F 1-1: Ball 2-1: Foul Ball, location: 2F 2-2: Ball 3-2: Foul Ball, location: 2F 3-2: Base on Balls
|
|
Batting: RHB Scott Skoglund
|
0-0: Ball 1-0: Ball 2-0: Called Strike 2-1: Swinging Strike 2-2: Strikes out swinging
|
|
Batting: RHB Leo Gutierrez
|
0-0: Ball 1-0: Called Strike Ben Welt is caught stealing 3rd base 2-5 1-1: Ball 2-1: SINGLE (Groundball, 34D, EV 97.5 MPH) Adam Lancaster to second Runner from 2nd tries for 3rd, SAFE, throw by RF made to third
|
|
Batting: RHB Naofumi Ishida
|
0-0: Ground out 4-3 (Groundball, 4, EV 75.6 MPH)
|
| Bottom of the 3rd over - 0 runs, 2 hits, 0 errors, 2 left on base; South Bend 0 - Hagerstown 0 |
| TOP OF THE 4TH |
|
South Bend Cubs batting - Pitching for Hagerstown Suns : RHP Sentos Alatas
|
|
Batting: RHB Puluke Konane
|
0-0: Ground out 5-3 (Groundball, 56, EV 90.0 MPH)
|
|
Batting: RHB Roy Battist
|
0-0: Ball 1-0: Ball 2-0: Foul Ball, location: 2F 2-1: Foul Ball, location: 2F 2-2: Ball 3-2: Strikes out swinging
|
|
Batting: RHB Juan Bonilla
|
0-0: Called Strike 0-1: Ball 1-1: Swinging Strike 1-2: Strikes out swinging
|
| Top of the 4th over - 0 runs, 0 hits, 0 errors, 0 left on base; South Bend 0 - Hagerstown 0 |
| BOTTOM OF THE 4TH |
|
Hagerstown Suns batting - Pitching for South Bend Cubs : RHP Steve Vint
|
|
Batting: RHB Bryan Wheeler
|
0-0: SOLO HOME RUN (Line Drive, 89XD, EV 104.4 MPH), Distance : 419 ft
|
|
Batting: RHB Tylor Cyr
|
0-0: Ball 1-0: Foul Ball, location: 2F 1-1: Called Strike 1-2: Ball 2-2: Ball 3-2: Foul Ball, location: 2F 3-2: Foul Ball, location: 2F 3-2: Foul Ball, location: 2F 3-2: Ground out 1-3 (Groundball, P, EV 68.1 MPH)
|
|
Batting: LHB Yasuo Igarashi
|
0-0: Fly out, F8 (Flyball, 8RD, EV 83.8 MPH)
|
|
Batting: RHB John Savard
|
0-0: SINGLE (Groundball, 56D, EV 103.1 MPH)
|
|
Batting: RHB Ben Welt
|
0-0: Called Strike John Savard steals 2nd, throwing error, E2 John Savard to third 0-1: Ball 1-1: Ball 2-1: Ground out 3-1 (Groundball, 13, EV 82.5 MPH)
|
| Bottom of the 4th over - 1 run, 2 hits, 1 error, 1 left on base; South Bend 0 - Hagerstown 1 |
| TOP OF THE 5TH |
|
South Bend Cubs batting - Pitching for Hagerstown Suns : RHP Sentos Alatas
|
|
Batting: RHB Han-seung Hah
|
0-0: Ball 1-0: Swinging Strike 1-1: Ball 2-1: Foul Ball, location: 2F 2-2: Ball 3-2: Base on Balls
|
|
Batting: RHB Denis Rachin
|
Balk! Han-seung Hah to second 0-0: Ball 1-0: Ball 2-0: Swinging Strike 2-1: Ball 3-1: Base on Balls
|
|
Batting: RHB Ryan Bush
|
0-0: Fly out, F6 (Popup, P, EV 85.0 MPH)
|
|
Batting: RHB Hugo Torrez
|
0-0: Called Strike Balk! Han-seung Hah to third Denis Rachin to second 0-1: Foul Ball, location: 2F 0-2: Foul Ball, location: 2F 0-2: Fly out, F8 (Flyball, 8RD, EV 109.4 MPH) Runner from 3rd tags up, SCORES, throw by CF
|
|
Batting: LHB Hiroki Yamamoto
|
0-0: Ball Wild Pitch! Denis Rachin to third 1-0: Foul Ball, location: 2F 1-1: SINGLE (Groundball, 56S, EV 65.6 MPH) (infield hit) Denis Rachin scores
|
|
Batting: RHB Andy Huntley
|
0-0: Ball 1-0: Called Strike 1-1: Called Strike 1-2: Ball 2-2: Foul Ball, location: 2F 2-2: Ball 3-2: Fly out, F8 (Flyball, 8RD, EV 84.4 MPH)
|
| Top of the 5th over - 2 runs, 1 hit, 0 errors, 1 left on base; South Bend 2 - Hagerstown 1 |
| BOTTOM OF THE 5TH |
|
Hagerstown Suns batting - Pitching for South Bend Cubs : RHP Steve Vint
|
|
Batting: LHB Adam Lancaster
|
0-0: Called Strike 0-1: Fly out, F8 (Flyball, 8RD, EV 98.1 MPH)
|
|
Batting: RHB Scott Skoglund
|
0-0: Ball 1-0: Ball 2-0: Fly out, F9 (Flyball, 9, EV 85.0 MPH)
|
|
Batting: RHB Leo Gutierrez
|
0-0: Called Strike 0-1: Ball 1-1: Ball 2-1: Foul Ball, location: 2F 2-2: TRIPLE (Flyball, 8RXD, EV 108.8 MPH)
|
|
Batting: RHB Naofumi Ishida
|
0-0: Called Strike 0-1: Ball 1-1: SINGLE (Groundball, 6MD, EV 106.9 MPH) Leo Gutierrez scores
|
|
Batting: RHB Bryan Wheeler
|
0-0: Ball Naofumi Ishida is caught stealing 2nd base 2-4
|
| Bottom of the 5th over - 1 run, 2 hits, 0 errors, 0 left on base; South Bend 2 - Hagerstown 2 |
| TOP OF THE 6TH |
|
South Bend Cubs batting - Pitching for Hagerstown Suns : RHP Sentos Alatas
|
|
Batting: RHB Puluke Konane
|
0-0: Swinging Strike 0-1: Foul Ball, location: 2F 0-2: Strikes out swinging
|
|
Batting: RHB Roy Battist
|
0-0: Ground out 6-3 (Groundball, 6, EV 83.1 MPH)
|
|
Batting: RHB Juan Bonilla
|
0-0: Ball 1-0: Swinging Strike 1-1: Fly out, F8 (Flyball, 8RXD, EV 92.5 MPH)
|
| Top of the 6th over - 0 runs, 0 hits, 0 errors, 0 left on base; South Bend 2 - Hagerstown 2 |
| BOTTOM OF THE 6TH |
|
Hagerstown Suns batting - Pitching for South Bend Cubs : RHP Steve Vint
|
|
Batting: RHB Bryan Wheeler
|
0-0: Foul Ball, location: 2F 0-1: Ball 1-1: Foul Ball, location: 2F 1-2: Ground out 5-3 (Groundball, 56S, EV 81.2 MPH)
|
|
Batting: RHB Tylor Cyr
|
0-0: Fly out, F1 (Line Drive, P, EV 63.1 MPH)
|
|
Batting: LHB Yasuo Igarashi
|
0-0: Ball 1-0: Foul Ball, location: 2F 1-1: Hit by Pitch
|
|
Batting: RHB John Savard
|
0-0: Ball 1-0: Ball 2-0: Called Strike 2-1: Ball Yasuo Igarashi is caught stealing 2nd base 2-4
|
| Bottom of the 6th over - 0 runs, 0 hits, 0 errors, 0 left on base; South Bend 2 - Hagerstown 2 |
| TOP OF THE 7TH |
|
South Bend Cubs batting - Pitching for Hagerstown Suns : RHP Sentos Alatas
|
|
Batting: RHB Han-seung Hah
|
0-0: Swinging Strike 0-1: Foul Ball, location: 2F 0-2: Ball 1-2: Foul Ball, location: 2F 1-2: Ball 2-2: Strikes out swinging
|
|
Batting: RHB Denis Rachin
|
0-0: Ball 1-0: Ball 2-0: Ball 3-0: Base on Balls
|
|
Pitching: RHP Steve Barnes
|
|
|
Batting: RHB Ryan Bush
|
0-0: Foul Ball, location: 2F 0-1: Fielders Choice at 2nd, 1-6 (Groundball, 34S, EV 61.9 MPH)
|
|
Batting: RHB Hugo Torrez
|
0-0: Foul Ball, location: 2F 0-1: Ground out 4-3 (Groundball, 4, EV 110.0 MPH)
|
| Top of the 7th over - 0 runs, 0 hits, 0 errors, 1 left on base; South Bend 2 - Hagerstown 2 |
| BOTTOM OF THE 7TH |
|
Hagerstown Suns batting - Pitching for South Bend Cubs : RHP Steve Vint
|
|
Batting: RHB John Savard
|
0-0: Called Strike 0-1: Fly out, F3 (Line Drive, 3, EV 62.5 MPH)
|
|
Batting: RHB Ben Welt
|
0-0: Ball 1-0: Ball 2-0: SINGLE (Groundball, 56D, EV 102.5 MPH)
|
|
Pitching: LHP Tom Mooney
|
|
|
Pinch Hitting: RHB John McNeill
|
0-0: Ball Ben Welt steals 2nd base 1-0: Ball 2-0: Ball 3-0: Ground out 1-3 (Groundball, 13S, EV 72.5 MPH) Ben Welt to third
|
|
Batting: RHB Scott Skoglund
|
0-0: Foul Ball, location: 2F 0-1: Ground out 6-3 (Groundball, 6S, EV 85.0 MPH)
|
| Bottom of the 7th over - 0 runs, 1 hit, 0 errors, 1 left on base; South Bend 2 - Hagerstown 2 |
| TOP OF THE 8TH |
|
South Bend Cubs batting - Pitching for Hagerstown Suns : RHP Steve Barnes
|
|
Now at SS: Joe Young
|
|
|
Batting: LHB Hiroki Yamamoto
|
0-0: Called Strike 0-1: Called Strike 0-2: Strikes out looking
|
|
Batting: RHB Andy Huntley
|
0-0: Ball 1-0: Called Strike 1-1: Ball 2-1: Foul Ball, location: 2F 2-2: Ground out 6-3 (Groundball, 6, EV 80.6 MPH)
|
|
Batting: RHB Puluke Konane
|
0-0: Ball 1-0: SINGLE (Flyball, 78S, EV 90.0 MPH)
|
|
Batting: RHB Roy Battist
|
0-0: SINGLE (Groundball, P, EV 79.4 MPH) (infield hit) Puluke Konane to second
|
|
Batting: RHB Juan Bonilla
|
0-0: Ball 1-0: DOUBLE (Groundball, 5L, EV 111.2 MPH) Puluke Konane scores Roy Battist to third
|
|
Batting: RHB Han-seung Hah
|
0-0: Ball 1-0: Foul Ball, location: 2F 1-1: Ball 2-1: Foul Ball, location: 2F 2-2: Foul Ball, location: 2F 2-2: Hit by Pitch
|
|
Batting: RHB Denis Rachin
|
0-0: Foul Ball, location: 2F 0-1: Ball 1-1: SINGLE (Flyball, 3D, EV 93.8 MPH) Roy Battist scores Juan Bonilla to third Han-seung Hah to second Runner from 3rd tries for Home, SAFE, throw by RF to home
|
|
Batting: RHB Ryan Bush
|
0-0: Called Strike 0-1: Ball 1-1: Foul Ball, location: 2F 1-2: Strikes out looking
|
| Top of the 8th over - 3 runs, 4 hits, 0 errors, 2 left on base; South Bend 5 - Hagerstown 2 |
| BOTTOM OF THE 8TH |
|
Hagerstown Suns batting - Pitching for South Bend Cubs : LHP Tom Mooney
|
|
Batting: RHB Leo Gutierrez
|
0-0: Ball 1-0: Ball 2-0: Called Strike 2-1: Ball 3-1: Base on Balls
|
|
Batting: RHB Naofumi Ishida
|
0-0: Called Strike 0-1: Foul Ball, location: 2F 0-2: Ball 1-2: Foul Ball, location: 2F 1-2: Grounds out, U3 (Groundball, 3L, EV 108.8 MPH)
|
|
Batting: RHB Bryan Wheeler
|
0-0: Ball 1-0: Swinging Strike 1-1: Swinging Strike 1-2: Foul Ball, location: 2F 1-2: Ball 2-2: Foul Ball, location: 2F 2-2: Foul Ball, location: 2F 2-2: Ground out 1-3 (Groundball, 15, EV 71.9 MPH)
|
|
Pitching: RHP Eric Allen
|
|
|
Batting: RHB Tylor Cyr
|
0-0: Called Strike 0-1: Swinging Strike 0-2: Strikes out swinging
|
| Bottom of the 8th over - 0 runs, 0 hits, 0 errors, 1 left on base; South Bend 5 - Hagerstown 2 |
| TOP OF THE 9TH |
|
South Bend Cubs batting - Pitching for Hagerstown Suns : RHP Steve Barnes
|
|
Pitching: RHP Luis Astudillo
|
|
|
Batting: RHB Hugo Torrez
|
0-0: Foul Ball, location: 2F 0-1: Ball 1-1: Swinging Strike 1-2: Ball 2-2: Strikes out swinging
|
|
Batting: LHB Hiroki Yamamoto
|
0-0: Called Strike 0-1: Ball 1-1: Called Strike 1-2: Foul Ball, location: 2F 1-2: Foul Ball, location: 2F 1-2: Strikes out swinging
|
|
Batting: RHB Andy Huntley
|
0-0: Fly out, F9 (Line Drive, 9S, EV 96.9 MPH)
|
| Top of the 9th over - 0 runs, 0 hits, 0 errors, 0 left on base; South Bend 5 - Hagerstown 2 |
| BOTTOM OF THE 9TH |
|
Hagerstown Suns batting - Pitching for South Bend Cubs : RHP Eric Allen
|
|
Pitching: RHP Jose Mata
|
|
|
Batting: LHB Yasuo Igarashi
|
0-0: Ball 1-0: Called Strike 1-1: Ground out 4-3 (Groundball, 4, EV 96.9 MPH)
|
|
Batting: RHB John Savard
|
0-0: Foul Ball, location: 2F 0-1: Called Strike 0-2: Fly out, F9 (Line Drive, 9LM, EV 91.2 MPH)
|
|
Batting: RHB Ben Welt
|
0-0: Ball 1-0: Ball 2-0: Called Strike 2-1: Ball 3-1: Base on Balls
|
|
Batting: RHB Joe Young
|
0-0: SINGLE (Groundball, 25, EV 66.2 MPH) (infield hit) Ben Welt to second
|
|
Pinch Runner at 1st John Holst:
|
|
|
Batting: RHB Scott Skoglund
|
0-0: Called Strike 0-1: Foul Ball, location: 2F 0-2: Foul Ball, location: 2F 0-2: Ball 1-2: Ball 2-2: Ball 3-2: SINGLE (Line Drive, 8LS, EV 108.8 MPH) Ben Welt to third John Holst to second Ben Welt scores John Holst to third
|
|
Batting: RHB Leo Gutierrez
|
0-0: Called Strike 0-1: Ball 1-1: Foul Ball, location: 2F 1-2: Fielders Choice at 2nd, 6-4 (Groundball, 6, EV 90.6 MPH)
|
| Bottom of the 9th over - 1 run, 2 hits, 0 errors, 2 left on base; South Bend 5 - Hagerstown 3 |
|